 Dungeon Crawl Stone Soup version 0.24.0-125-gc4c63601f3 (webtiles) character file.

Game seed: 7843837432361592473, levelgen mode: deterministic

30 Descartes the Charlatan (level 3, -1/15 HPs)
             Began as a Felid Artificer on Mar 5, 2020.
             Slain by an adder (3 damage)
             ... on level 2 of the Dungeon.
             The game lasted 00:02:04 (1149 turns).

Descartes the Charlatan (Felid Artificer)           Turns: 1149, Time: 00:02:04

Health: -1/15      AC:  1    Str:  9    XL:     3   Next: 5%
Magic:  6/6        EV: 18    Int: 12    God:
Gold:   73         SH:  0    Dex: 16    Spells: 2/2 levels left
                                        Lives:  0   Deaths: 0

rFire    . . .     SeeInvis +     - Unarmed
rCold    . . .     Gourm    .   (shield unavailable)
rNeg     . . .     Faith    .   (armour unavailable)
rPois    .         Spirit   .   (helmet unavailable)
rElec    .         Reflect  .   (cloak unavailable)
rCorr    .         Harm     .   (gloves unavailable)
MR       .....                  (boots unavailable)
Stlth    +++.......             (no amulet)
HPRegen  0.05/turn              (no ring)
MPRegen  0.10/turn              (no ring)

@: lethally poisoned (-1 -> -4), quick
A: very small, no armour, no weapons or thrown items, stealth, claws 1, fangs 3,
see invisible, carnivore, speed 1, shaggy fur 1, slow metabolism 1, sharp paws
a: no special abilities


You were on level 2 of the Dungeon.
You were completely stuffed.

You visited 1 branch of the dungeon, and saw 2 of its levels.

You collected 73 gold pieces.

Inventory:

Missiles
 e - 22 stones
Jewellery
 h - a +5 ring of evasion {unknown}
Wands
 a - a wand of flame (15)
 b - a wand of enslavement (15)
 c - a wand of random effects (15)
Scrolls
 f - a scroll of noise {unknown}
 g - a scroll of teleportation {unknown}
 i - a scroll of immolation {unknown}
 k - a scroll of random uselessness {unknown}
 l - a scroll of identify {unknown}
 m - a scroll of blinking {unknown}
 n - a scroll of fear {unknown}
Potions
 j - a potion of haste {unknown}
Comestibles
 d - 3 rations
 o - 2 chunks of flesh


   Skills:
 + Level 1.4 Fighting
 + Level 3.1 Dodging
 + Level 2.2 Stealth
 * Level 2.0 Unarmed Combat
 + Level 3.5 Evocations


You had 2 spell levels left.
You didn't know any spells.
Your spell library was empty.

Dungeon Overview and Level Annotations

Branches:
Dungeon (2/15)

Altars:


Innate Abilities, Weirdness & Mutations

You cannot wear armour.
You are incapable of wielding weapons or throwing items.
Your paws allow you to move quietly. (Stealth)
You have sharp claws.
You have razor-sharp teeth.
You have supernaturally acute eyesight. (SInv)
You are carnivorous and can eat meat at any time.
You cover ground quickly.
You are covered in fur. (AC +1)
You have a slow metabolism.
Your sharp claws are effective at attacking unaware monsters.


Message History

An adder and a goblin come into view.
The goblin shouts!
The adder moves out of view.
The adder bites you.
You are poisoned.
The adder poisons you!
You closely miss the adder.
You feel sick. The adder barely misses you.
You miss the adder. The adder completely misses you.
The adder closely misses you.
You scratch the adder but do no damage. The goblin completely misses you.
The adder bites you.
You closely miss the adder.
You feel sick. The adder bites you but does no damage.
The goblin hits you but does no damage.
You closely miss the adder. The adder completely misses you.
The adder bites you.
You completely miss the adder.
You feel sick. The adder bites you.
* * * LOW HITPOINT WARNING * * *
You closely miss the adder. The adder barely misses you.
You barely miss the adder. The adder bites you.
You die...

#.≈≈≈≈≈.##
#÷#.####..
#.≈≈≈≈≈.## #.#.# .
#.≈≈≈≈≈..#####.#.#
#...≈≈......÷....#
###....###.###.###
###..# #.# #.#
##.# #.# #.#
#.###.# #.#
#@#...# #..
#S#.### ### #g...#
#.........
##...##### ##.##
.# .# .#


You could see an adder and a goblin.

Vanquished Creatures
  An adder (D:2)
  A worm (D:2)
  A dart slug (D:1)
  2 giant cockroaches (D:1)
  2 goblins (D:1)
  A hobgoblin (D:2)
  3 kobolds (D:1)
  A bat (D:1)
  5 frilled lizards
  A rat (D:1)
18 creatures vanquished.

Notes
Turn   | Place    | Note
-------+----------+-------------------------------------------
     0 | D:1      | Descartes the Felid Artificer began the quest for the Orb.
     0 | D:1      | Reached XP level 1. HP: 9/9 MP: 4/4
   196 | D:1      | Reached XP level 2. HP: 11/12 MP: 5/5
  1071 | D:2      | Reached XP level 3. HP: 12/15 MP: 6/6
  1149 | D:2      | Slain by an adder

Levels and vault maps discovered:
D:1:      psy_arrival_spokes, layout_basic, kennysheep_crisscross
D:2:      layout_loops_ring, gammafunk_temple_overflow_statue,
          minmay_misc_feat_chi, minmay_lizard_pond

Skill      XL: |  1  2 |
---------------+-------+-----
Stealth        | 2 |  2.2
Dodging        | 3 |  3.1
Unarmed Combat | 2 |  2.0
Fighting       | |  1.4
Evocations     | |  3.5

Action                   || total
-------------------------++-------
Melee: Unarmed           ||    76
       Bite              ||     7
 Stab: Sleeping          ||     2
  Eat: Chunk             ||     8
Armor: Skin              ||     2
Dodge: Dodged            ||    51
